 Dungeon Crawl Stone Soup version 0.30-a0-939-gc8157cb160 (console) character file.

Game seed: 4634196292025793927

273462 Banquo the Eclecticist (level 21, -15/122 HPs)
             Began as a Djinni Hedge Wizard on Mar 25, 2023.
             Was a Favourite Plaything of Xom.
             Demolished by an ironbound preserver
             ... wielding a +0 great mace
              (29 damage)
             ... on level 1 of the Vaults on Mar 29, 2023.
             The game lasted 05:04:32 (39912 turns).

Banquo the Eclecticist (Djinni Hedge Wizard)       Turns: 39912, Time: 05:04:33

Health: -15/122    AC:  7    Str:  9    XL:     21   Next: 14%
Gold:   3375       EV: 18    Int: 27    God:    Xom [.....*] SH:  0 Dex: 20

rFire   + + +      SeeInvis +    b - staff of cold "Feqi" {rElec rPois rC+}
rCold   + . .      Faith    .    i - +0 kite shield
rNeg    . . .      Spirit   +    d - +1 troll leather armour
rPois   ∞          Reflect  .    h - +0 hat
rElec   +          Rampage  .    e - scarf {rC+ rF+}
rCorr   .                        g - +0 pair of gloves {Dex+3}
Will    ++++.                    (boots unavailable)
Stlth   +                        c - brooch of Shielding {Spirit SH+8}
HPRegen 1.20/turn                J - +6 ring of dexterity
MPRegen 0.00/turn                w - ring of willpower

@: confused, ambrosia-drunk, flying, invisible
A: sickness immunity, fire resistance 2, cold vulnerability 1, float, innate
caster, HP casting, extra vitality 1, horns 2, see invisible, clumsy 1, frail 2,
strong-willed 1, mutation resistance 1, electricity resistance
}: 2/15 runes: decaying, gossamer
a: Renounce Religion


You were on level 1 of the Vaults.
You worshipped Xom.
You were Xom's teddy bear.
You visited 7 branches of the dungeon, and saw 32 of its levels.
You visited the Abyss 1 time.
You also visited: Gauntlet.

You collected 5324 gold pieces.
You spent 1949 gold pieces at shops.

Inventory:

Hand Weapons
 a - the +3 trident of Fear {vamp, Will+ Str+3}
   (You found it on level 4 of the Spider Nest)

   Str:       It affects your strength (+3).
   Will:      It increases your willpower.
 f - a +2 rapier of electrocution
 N - the +6 mace "Nulorph" {freeze, rCorr MP+9 Dex+3}
   (You found it on level 14 of the Dungeon)

   Dex:       It affects your dexterity (+3).
   MP:        It affects your magic capacity (+9).
   rCorr:     It protects you from acid and corrosion.
 P - a +4 scimitar of flaming
Missiles
 F - a throwing net
Armour
 d - a +1 troll leather armour (worn)
 e - a scarf of resistance (worn)
 g - a +0 pair of gloves of dexterity (worn)
 h - a +0 hat (worn)
 i - a +0 kite shield (worn)
 M - a +2 robe of resistance
Magical Staves
 b - the staff of cold "Feqi" (weapon) {rElec rPois rC+}
   (You found it on level 14 of the Dungeon)

   [staff of cold]

   Your inability to study Ice Magic prevents you from drawing on the full power
   of this staff in melee.
   Base accuracy: +5 Base damage: 5 Base attack delay: 1.2 This weapon's minimum
   attack delay (0.6) is reached at skill level 12.
   rC:        It protects you from cold.
   rElec:     It insulates you from electricity.
   rPois:     It protects you from poison.
   It falls into the 'Staves' category.
   It is a one-handed weapon.
 z - a staff of conjuration
 G - a staff of fire
Jewellery
 c - the brooch of Shielding (around neck) {Spirit SH+8}
   (You bought it in a shop on level 2 of the Orcish Mines)

   [amulet of guardian spirit]

   It causes incoming damage to be divided between your reserves of health and
   magic.
   SH:        It affects your SH (+8).
 t - a ring of positive energy
 w - a ring of willpower (right hand)
 y - a ring of resist corrosion
 J - a +6 ring of dexterity (left hand)
Wands
 u - a wand of iceblast (28)
 D - a wand of digging (11)
 R - a wand of mindburst (20)
 W - a wand of quicksilver (18)
Scrolls
 l - 5 scrolls of fog
 m - a scroll of magic mapping
 n - 4 scrolls of blinking
 p - 10 scrolls of teleportation
 v - 7 scrolls of poison
 C - 5 scrolls of summoning
 E - 7 scrolls of fear
Potions
 o - 5 potions of brilliance
 q - 6 potions of heal wounds
 s - 8 potions of haste
 x - 10 potions of might
 B - 6 potions of ambrosia
 I - 3 potions of invisibility
 L - 2 potions of resistance
 S - 19 potions of curing
 U - 4 potions of cancellation
Miscellaneous
 H - a lightning rod (4/4)
 T - a phantom mirror


   Skills:
 * Level 14.7 Fighting
 - Level 8.0 Armour
 - Level 12.0 Dodging
 - Level 1.5 Stealth
 * Level 9.9 Shields
 + Level 20.8 Spellcasting


You knew the following spells:

 Your Spells              Type           Power      Damage    Failure   Level
a - Magic Dart            Conj           100%       1d8       0%          1
b - Sting                 Tmut/Pois      100%       1d8       0%          1
c - Mephitic Cloud        Conj/Pois/Air  96%        N/A       0%          3
d - Static Discharge      Conj/Air       100%       2-7/arc   0%          2
e - Enfeeble              Hex            48%        N/A       1%          7
f - Freezing Cloud        Conj/Ice/Air   59%        6-21      1%          5
g - Storm Form            Tmut/Air       48%        N/A       1%          7
i - Call Imp              Summ           96%        N/A       0%          2
p - Plasma Beam           Fire/Air       48%        2x1d68    1%          5
s - Slow                  Hex            100%       N/A       0%          1
t - Tukima's Dance        Hex            96%        N/A       0%          3
A - Animate Armour        Summ/Erth      100%       N/A       0%          4
B - Blink                 Tloc           100%       N/A       0%          2
K - Dragon Form           Tmut           48%        N/A       1%          7
L - Statue Form           Tmut/Erth      64%        N/A       1%          6
Your spell library was empty.

Dungeon Overview and Level Annotations

Branches:
Dungeon (15/15)            Temple (0/1) D:4            Lair (5/5) D:11
  Swamp (4/4) Lair:2       Spider (4/4) Lair:2        Slime (0/5) Lair:5
    Orc (2/2) D:11            Elf (1/3) Orc:2        Vaults (1/5) D:13
 Depths (0/4) D:15        Gauntlet (visited)

Altars:
Makhleb
Nemelex Xobeh
Trog
Wu Jian
Xom
Yredelemnul
The Shining One

Shops:
D:14 *   Orc:2 ?*=(*


Innate Abilities, Weirdness & Mutations

You are immune to sickness and miasma.
You are immune to poison.
Your flesh is very heat resistant. (rF++)
You are vulnerable to cold. (rC-)
You float through the air rather than walking.
You learn spells naturally, not from books.
Your magical power is your life essence.
You have superior vitality. (+4 MHP)
You have a pair of horns on your head.
You have supernaturally acute eyesight. (SInv)
You are clumsy. (Dex -2)
You are very frail. (-20% HP)
You are strong-willed. (Will+)
You are somewhat resistant to further mutation.
You are resistant to electric shocks. (rElec)


Message History

Okay, then.
As you read the scroll of teleportation, it crumbles to dust.
You feel strangely unstable. You block the peacekeeper's attack.
The peacekeeper completely misses you. You block the war gargoyle's attack.
The peacekeeper bites you!
* * * LOW HITPOINT WARNING * * *
The peacekeeper claws you!
* * * LOW HITPOINT WARNING * * *
Unknown command.
You feel much better.
Your surroundings suddenly seem different.
A vault warden and an ironbound preserver come into view.
The vault warden is wielding a +0 halberd of venom.
Xom thinks this is hilarious!
The vault warden shouts!
The ironbound preserver shouts!
The vault warden hits you with a +0 halberd of venom.
* * * LOW HITPOINT WARNING * * *
The vault warden attacks as you move away!
The vault warden closely misses you.
The vault warden hits you from afar with a +0 halberd of venom!
* * * LOW HITPOINT WARNING * * *
Unknown command.
Casting: Plasma Beam (safe; 1% risk of failure)
Press: ? - help, Q - select action, (/) - cycle Dir - look around, f - activate
Okay, then.
You fade into invisibility!
You block the vault warden's attack.
The vault warden activates a sealing rune.
You are confused.
You feel invigorated. The vault warden misses you.
The vault warden closely misses you. The ironbound preserver misses you.
The vault warden hits you from afar with a +0 halberd of venom!!
* * * LOW HITPOINT WARNING * * *
Unknown command.
The vault warden barely misses you.
The ironbound preserver hits you with a +0 great mace!!
You die...
Xom is highly amused!

#++# #..#
+p.+ ##
#..#+##
+...##...+
+..p##p..+
## #.@#+##
+..+ #..#
#++#


You could see an ironbound preserver (unable to see you) and a vault warden.

Vanquished Creatures
  the Lernaean hydra (Swamp:4)
  Nikola (Lair:2)
  Rupert (D:14)
  Mlioglotl (Spider:1)
  Jorgrun (Swamp:1)
  The ghost of Bnni the Earth Mage, an adept FoEE of Cheibriados (Spider:3)
  A thorn hunter (Swamp:4)
  3 fenstrider witches
  7 emperor scorpions (Spider:4)
  3 ghost moths
  The ghost of sinusoid the Severer, a journeyman MiBe of Trog (Swamp:3)
  Louise (D:14)
  An orc warlord (Orc:2)
  A quicksilver ooze (shapeshifter) (D:14)
  A stone giant (D:15)
  2 green draconians (Swamp:3)
  Nessos (D:12)
  2 bunyips
  3 eleionomae
  A minotaur (Gauntlet)
  Azrael (D:12)
  A spark wasp (Spider:1)
  An ettin (D:14)
  2 fire dragons (D:14)
  3 entropy weavers
  Snorg (D:14)
  3 vault guards (D:13)
  23 hydras
  A catoblepas (shapeshifter) (D:15)
  6 two-headed ogres
  A ghost crab (Swamp:4)
  An ogre mage (D:15)
  6 centaur warriors
  A jorogumo (Spider:3)
  9 alligators
  3 boulder beetles
  A two-headed ogre (shapeshifter) (D:14)
  2 radroaches
  3 tengu warriors
  4 death yaks (Lair:3)
  A deep troll earth mage (D:14)
  Urug (D:13)
  A dancing weapon (D:13)
  2 orc high priests (Orc:2)
  A deep elf knight (Orc:2)
  The ghost of
  112233 the Thaumaturge, a novice NaTm (D:8)
  Sonja (Lair:2)
  3 skeletal warriors
  A skyshark (Lair:4)
  A death drake (Swamp:4)
  3 goliath frogs
  A sun moth (Spider:3)
  15 swamp dragons
  3 deep trolls
  3 pharaoh ants
  12 orb spiders
  3 spriggan druids
  A glowing orange brain (D:14)
  3 wizards
  A steelbarb worm (shapeshifter) (D:14)
  7 bog bodies
  A lindwurm (Lair:5)
  4 deep elf zephyrmancers (Elf:1)
  An ironbound convoker (Vaults:1)
  3 deep elf pyromancers
  3 necromancers
  3 steelbarb worms
  2 phantasmal warriors (D:14)
  Pikel (D:4)
  4 will-o-the-wisps
  14 wolf spiders
  5 orc sorcerers
  5 cyclopes
  3 moths of wrath
  17 ugly things
  A moth of wrath (shapeshifter) (D:13)
  8 elephants
  6 manticores
  Maurice (D:9)
  4 demonic crawlers
  A guardian serpent (shapeshifter) (Spider:4)
  2 torpor snails
  6 black mambas
  A gargoyle (D:11)
  14 cane toads
  Maggie (D:7)
  An efreet (D:15)
  3 kobold demonologists (D:12)
  2 unseen horrors
  A rime drake (shapeshifter) (D:15)
  A yaktaur (shapeshifter) (D:13)
  A yaktaur (D:14)
  6 komodo dragons
  7 trolls
  A tengu conjurer (Gauntlet)
  9 tyrant leeches
  3 bloated husks
  17 hornets
  3 meliai (D:13)
  3 polar bears (Lair:5)
  18 tarantellas
  Grinder (D:6)
  Prince Ribbit (D:7)
  A dream sheep (Lair:5)
  15 slime creatures
  A centaur simulacrum (D:14)
  34 jumping spiders
  2 jumping spiders (shapeshifter)
  21 culicivoras
  2 vampires (D:7)
  An air elemental (Orc:2)
  A shadow (D:13)
  35 yaks
  23 spriggans
  2 wraiths
  3 fire elementals
  A fire bat (D:9)
  3 wyverns
  16 humans (D:13)
  A redback (shapeshifter) (Spider:2)
  4 basilisks
  2 steam dragons
  52 redbacks
  3 vampire mosquitoes
  2 wargs (Orc:2)
  18 swamp worms
  2 hell hounds
  Duvessa (D:7)
  13 water moccasins
  22 orc warriors
  A sky beast (D:7)
  11 swamp drakes
  12 black bears
  10 ogres
  6 centaurs
  38 wolves
  5 boggarts (Lair:5)
  A phantom (D:4)
  A kobold brigand (D:7)
  8 bullfrogs
  A gnoll sergeant (D:6)
  2 scorpions
  10 wights
  29 killer bees
  2 howler monkeys
  An electric eel (Lair:2)
  5 quasits
  5 hounds
  2 jellies
  29 orc priests
  3 iguanas
  40 orc wizards
  14 adders
  8 gnolls
  3 shadow imps
  A white imp (D:7)
  2 worms (D:2)
  2 dart slugs (D:5)
  103 orcs
  6 ball pythons
  4 bats
  5 endoplasms
  2 giant cockroaches
  5 goblins
  5 hobgoblins
  6 jackals
  4 quokkas
  3 frilled lizards
  14 kobolds
  4 rats
  A bush (D:8)
1056 creatures vanquished.

Vanquished Creatures (collateral kills)
  Josephine (D:10)
  A steelbarb worm (Spider:1)
  A cane toad (Lair:4)
  A rime drake (Lair:1)
  A shadow (D:10)
  A wyvern (Lair:3)
  2 humans (D:13)
  3 wraiths
  2 orc warriors (D:11)
  A wolf (Lair:2)
  A bullfrog (Lair:1)
  2 wights (D:7)
  Dowan (D:7)
  A jelly (D:8)
  2 sleepcaps (D:4)
  An iguana (D:4)
  3 orcs (D:10)
25 creatures vanquished.

Vanquished Creatures (others)
  A spriggan (Swamp:1)
  A hornet (Swamp:1)
  An orc priest (Orc:2)
  An orc wizard (D:12)
  20 foxfires
  33 fungi
  84 plants
141 creatures vanquished.

Grand Total: 1222 creatures vanquished

Notes
Turn   | Place    | Note
-------+----------+-------------------------------------------
     0 | D:1      | Banquo the Djinni Hedge Wizard began the quest for the Orb.
     0 | D:1      | Banquo set off with the following spells memorised: Magic
                  | Dart, Slow, Blink, Call Imp, Mephitic Cloud.
     0 | D:1      | Reached XP level 1. HP: 15/15 MP: 0/0
   251 | D:1      | Reached XP level 2. HP: 17/22 MP: 0/0
   867 | D:2      | Reached skill level 1 in Fighting
   867 | D:2      | Reached skill level 3 in Spellcasting
   867 | D:2      | Reached XP level 3. HP: 14/27 MP: 0/0
   867 | D:2      | Learned a level 1 spell: Sting
  1677 | D:3      | Reached XP level 4. HP: 29/32 MP: 0/0
  2042 | D:3      | Found a shimmering altar of Xom.
  2360 | D:3      | Became a worshipper of Xom of Malicious Giggling
  2545 | D:4      | XOM: divination: magic mapping
  2547 | D:4      | Reached XP level 5. HP: 19/38 MP: 0/0
  2547 | D:4      | Learned a level 2 spell: Static Discharge
  2754 | D:4      | Reached skill level 4 in Spellcasting
  2771 | D:4      | XOM: god gift: 21 gold pieces
  3018 | D:4      | XOM: divination: detect items
  3038 | D:4      | Found a staircase to the Ecumenical Temple.
  3071 | D:4      | Noticed a lemure
  3079 | D:4      | Noticed a lemure
  3079 | D:4      | Noticed a lemure
  3085 | D:4      | XOM: scenery: summon butterflies
  3091 | D:4      | XOM: polymorph butterfly -> adder
  3121 | D:4      | a lemure changed into a quasit
  3121 | D:4      | XOM: polymorph lemure -> quasit
  3210 | D:3      | XOM: noise
  3259 | D:4      | XOM: silly message
  3383 | D:4      | XOM: potion effect (invisibility)
  3443 | D:4      | Reached XP level 6. HP: 21/43 MP: 0/0
  3711 | D:5      | Entered Level 5 of the Dungeon
  3781 | D:4      | Noticed Pikel
  3790 | D:4      | XOM: confuse monster(s)
  3811 | D:4      | XOM: divination: magic mapping
  3813 | D:4      | XOM: noise
  3817 | D:4      | XOM: potion effect (curing)
  3819 | D:4      | XOM: cast spell 'Call Canine Familiar'
  3827 | D:4      | Killed Pikel
  3828 | D:4      | Reached skill level 6 in Spellcasting
  3828 | D:4      | Reached XP level 7. HP: 48/50 MP: 0/0
  3828 | D:4      | Learned a level 3 spell: Tukima's Dance
  3833 | D:4      | XOM: silly message
  3908 | D:4      | XOM: silly message
  4111 | D:5      | Reached XP level 8. HP: 30/56 MP: 0/0
  4244 | D:5      | XOM: silly message
  4462 | D:5      | Found a sparkling altar of Nemelex Xobeh.
  4462 | D:5      | Found a glowing golden altar of the Shining One.
  4471 | D:5      | XOM: 6-stop teleportation journey
  4479 | D:5      | XOM: 3-stop teleportation journey
  4665 | D:5      | XOM: torment (30/58 hp)
  4891 | D:5      | XOM: give mutations
  4891 | D:5      | Gained mutation: You possess an exceptional clarity of
                  | mind. [Xom's mischief]
  4891 | D:5      | Gained mutation: You passively dampen the noise of your
                  | surroundings. [Xom's mischief]
  4891 | D:5      | Gained mutation: Your spells are a little easier to cast,
                  | but a little less powerful. [Xom's mischief]
  4891 | D:5      | Gained mutation: You are somewhat resistant to further
                  | mutation. [Xom's mischief]
  4893 | D:5      | Reached skill level 7 in Spellcasting
  5239 | D:5      | a gnoll sergeant changed into a shapeshifter
  5239 | D:5      | Noticed a shapeshifter
  5239 | D:5      | XOM: polymorph gnoll sergeant -> shapeshifter
  5240 | D:5      | a shapeshifter changed into a komodo dragon
  5240 | D:5      | Noticed a komodo dragon (shapeshifter)
  5247 | D:5      | a komodo dragon changed into a raiju
  5247 | D:5      | Noticed a raiju (shapeshifter)
  5498 | D:5      | Reached XP level 9. HP: 45/63 MP: 0/0
  5498 | D:5      | Learned a level 4 spell: Animate Armour
  5590 | D:5      | XOM: divination: detect creatures
  5663 | D:5      | Noticed a sea snake
  5668 | D:5      | XOM: snakes to sticks
  6363 | D:6      | Reached skill level 8 in Spellcasting
  6494 | D:6      | Reached skill level 1 in Shields
  6534 | D:6      | XOM: 3-stop teleportation journey
  6545 | D:6      | XOM: give mutations
  6545 | D:6      | Lost mutation: You possess an exceptional clarity of mind.
                  | [Xom's mischief]
  6545 | D:6      | Gained mutation: You have a pair of small horns on your
                  | head. [Xom's mischief]
  6545 | D:6      | Gained mutation: Your spells are easier to cast, but less
                  | powerful. [Xom's mischief]
  6950 | D:6      | Found a basalt altar of Yredelemnul.
  7003 | D:6      | You are sucked into a shaft and drop 2 floors!
  7010 | D:7      | XOM: stealth player
  7057 | D:6      | Noticed Grinder
  7211 | D:7      | Noticed Duvessa
  7211 | D:7      | Noticed Dowan
  7590 | D:7      | Reached skill level 5 in Fighting
  7698 | D:7      | Noticed Prince Ribbit
  7744 | D:7      | Killed Prince Ribbit
  7826 | D:7      | XOM: polymorph crimson imp -> shadow imp
  8129 | D:7      | XOM: 1-stop teleportation journey
  8179 | D:7      | Noticed Maggie
  8194 | D:7      | XOM: summons friendly shadow imp
  8211 | D:7      | Killed Maggie
  8212 | D:7      | Reached skill level 9 in Spellcasting
  8212 | D:7      | Reached XP level 10. HP: 49/70 MP: 0/0
  8334 | D:7      | Killed Duvessa
  8338 | D:7      | Killed Dowan
  8386 | D:7      | XOM: 4-stop teleportation journey
  8493 | D:7      | XOM: blink monster(s)
  8825 | D:7      | XOM: silly message
  8966 | D:7      | Found a burning altar of Makhleb.
  9075 | D:7      | XOM: god gift: sling {god gift}
  9085 | D:7      | XOM: give mutations
  9085 | D:7      | Gained mutation: You passively map a small area around you.
                  | [Xom's grace]
  9085 | D:7      | Gained mutation: You expend health (3 HP) to strengthen
                  | your wands. [Xom's grace]
  9085 | D:7      | Gained mutation: Your muscles are strong. (Str +4, Int/Dex
                  | -1) [Xom's grace]
  9233 | D:8      | XOM: chaos upgrade
  9528 | D:7      | XOM: chaos cloud
  9551 | D:7      | XOM: polymorph shadow imp -> quasit
  9888 | D:8      | Found a transporter.
  9898 | D:8      | Noticed 112233's ghost (novice NaTm)
  9908 | D:8      | Found a transporter.
  9974 | D:8      | XOM: silly message
 10194 | D:8      | XOM: confuse monster(s)
 10323 | D:8      | XOM: give mutations
 10323 | D:8      | Gained mutation: You are resistant to electric shocks.
                  | (rElec) [Xom's grace]
 10323 | D:8      | Gained mutation: You possess an exceptional clarity of
                  | mind. [Xom's grace]
 10821 | D:9      | Reached skill level 5 in Dodging
 10922 | D:9      | Noticed Erolcha
 10926 | D:9      | XOM: cast spell 'Chain of Chaos'
 10934 | D:9      | Erolcha changed into Erolcha the fire bat
 10934 | D:9      | Noticed Erolcha
 10934 | D:9      | XOM: polymorph Erolcha -> Erolcha the fire bat
 10939 | D:9      | Killed Erolcha the fire bat
 11036 | D:9      | Noticed a two-headed ogre
 11064 | D:9      | Killed a two-headed ogre
 11065 | D:9      | Reached skill level 10 in Spellcasting
 11141 | D:9      | XOM: cleaving
 11152 | D:9      | Reached XP level 11. HP: 68/78 MP: 0/0
 11152 | D:9      | Learned a level 5 spell: Freezing Cloud
 11213 | D:9      | XOM: 1-stop teleportation journey
 11746 | D:9      | Found an ornate altar of the Wu Jian Council.
 11766 | D:9      | Noticed Maurice
 11767 | D:9      | XOM: summons friendly shadow imp
 11803 | D:9      | Killed Maurice
 12028 | D:9      | Reached skill level 11 in Spellcasting
 12147 | D:9      | XOM: silly message
 12175 | D:9      | Noticed a deep elf pyromancer
 12182 | D:9      | Killed a deep elf pyromancer
 12183 | D:9      | Reached skill level 1 in Armour
 12230 | D:10     | Entered Level 10 of the Dungeon
 12562 | D:10     | Found a bloodstained altar of Trog.
 12591 | D:10     | Noticed a two-headed ogre
 12597 | D:10     | Killed a two-headed ogre
 12916 | D:10     | Noticed Josephine
 12953 | D:10     | Reached XP level 12. HP: 58/85 MP: 0/0
 12954 | D:10     | Killed Josephine
 13052 | D:10     | XOM: enchant monster (good)
 13642 | D:11     | Found a staircase to the Orcish Mines.
 13644 | D:11     | Noticed a boulder beetle
 13702 | D:11     | Killed a boulder beetle
 13703 | D:11     | Reached skill level 12 in Spellcasting
 13755 | D:11     | Noticed a two-headed ogre
 13763 | D:11     | Killed a two-headed ogre
 13877 | D:11     | XOM: 5-stop teleportation journey
 13936 | D:11     | Found a staircase to the Lair.
 13979 | D:11     | Noticed a two-headed ogre
 13983 | D:11     | Killed a two-headed ogre
 14320 | Lair:1   | Entered Level 1 of the Lair of Beasts
 14442 | Lair:1   | XOM: cloud trail
 14981 | Lair:1   | XOM: divination: detect creatures
 15043 | Lair:1   | XOM: silly message
 15129 | Lair:2   | Noticed Sonja
 15217 | Lair:2   | Killed Sonja
 15218 | Lair:2   | Reached XP level 13. HP: 83/93 MP: 0/0
 15218 | Lair:2   | Learned a level 5 spell: Plasma Beam
 15219 | Lair:2   | You are sucked into a shaft and drop 2 floors!
 15254 | Lair:3   | XOM: stealth player
 15304 | Lair:3   | XOM: silly message
 15326 | Lair:3   | Reached skill level 13 in Spellcasting
 15817 | Lair:2   | XOM: potion effect (might)
 16242 | Lair:2   | Found a hole to the Spider Nest.
 16353 | Lair:2   | Found a staircase to the Swamp.
 16523 | Lair:2   | XOM: god gift: scroll labelled PEFRUDI NAZA {god gift}
 16658 | Lair:3   | Reached skill level 14 in Spellcasting
 17495 | Lair:3   | XOM is BORED!
 17925 | Lair:4   | Reached XP level 14. HP: 73/101 MP: 0/0
 18017 | Lair:4   | XOM: give mutation
 18017 | Lair:4   | Lost mutation: You passively map a small area around you.
                  | [Xom's mischief]
 18080 | Lair:4   | XOM: summons 5 hostile demons
 18357 | Lair:5   | Entered Level 5 of the Lair of Beasts
 18385 | Lair:5   | XOM: noise
 18386 | Lair:5   | XOM: enchant monster (good)
 18411 | Lair:5   | Found a staircase to the Slime Pits.
 18580 | Lair:5   | Found a gate leading to a gauntlet.
 18595 | Lair:5   | Reached skill level 10 in Dodging
 18600 | Gauntlet | Entered a Gauntlet
 18600 | Gauntlet | Found a transporter.
 18600 | Gauntlet | Found a transporter.
 18616 | Gauntlet | Found a transporter.
 18619 | Gauntlet | Found a transporter.
 18628 | Gauntlet | Found a transporter.
 18632 | Gauntlet | Found a transporter.
 18644 | Gauntlet | Found a transporter.
 18658 | Gauntlet | Found a runed translucent door.
 18660 | Gauntlet | Found a transporter.
 18662 | Gauntlet | Found a runed translucent door.
 18664 | Gauntlet | Found a transporter.
 18682 | Gauntlet | Found a transporter.
 18693 | Gauntlet | Found a transporter.
 18697 | Gauntlet | Found a transporter.
 18725 | Gauntlet | Reached skill level 10 in Fighting
 18726 | Gauntlet | XOM: summons 2 hostile demons
 18867 | Gauntlet | XOM: summons 7 hostile demons
 18872 | Gauntlet | XOM: swap monsters
 19043 | Gauntlet | Noticed a minotaur
 19050 | Gauntlet | XOM: smoke on damage
 19052 | Gauntlet | Killed a minotaur
 19053 | Gauntlet | Reached skill level 15 in Spellcasting
 19063 | Gauntlet | XOM: torment (37/103 hp)
 19420 | Lair:5   | XOM: summons 3 hostile shadow creatures
 19595 | Lair:5   | XOM: give mutations
 19595 | Lair:5   | Lost mutation: You passively dampen the noise of your
                  | surroundings. [Xom's mischief]
 19595 | Lair:5   | Lost mutation: Your muscles are strong. (Str +4, Int/Dex
                  | -1) [Xom's mischief]
 19595 | Lair:5   | Gained mutation: You are weak. (Str -2) [Xom's mischief]
 19682 | Lair:5   | XOM: summons 1 hostile shadow creature
 19777 | Lair:5   | XOM: blink monster(s)
 20410 | Lair:1   | XOM: god gift: dagger {god gift}
 20480 | D:9      | XOM: silly message
 20555 | D:6      | Killed Grinder
 20856 | D:8      | XOM: god gift: scroll of teleportation
 20904 | D:8      | Killed 112233's ghost
 21084 | D:12     | XOM: scenery: summon butterflies
 21085 | D:12     | Noticed Nessos
 21089 | D:11     | XOM: give mutations
 21089 | D:11     | Lost mutation: You are resistant to electric shocks.
                  | (rElec) [Xom's mischief]
 21089 | D:11     | Gained mutation: You occasionally lose the ability to drink
                  | potions when taking damage. [Xom's mischief]
 21128 | D:12     | Killed Nessos
 21135 | D:11     | Reached XP level 15. HP: 80/109 MP: 0/0
 21135 | D:11     | Learned a level 6 spell: Statue Form
 21358 | D:12     | Noticed Azrael
 21364 | D:12     | Killed Azrael
 21543 | D:12     | XOM: 7-stop teleportation journey
 21901 | D:12     | Reached skill level 16 in Spellcasting
 21999 | Orc:1    | Entered Level 1 of the Orcish Mines
 22065 | Orc:1    | XOM: 4-stop teleportation journey
 22122 | Orc:1    | XOM: summons 3 hostile shadow creatures
 22342 | Orc:1    | XOM: summons 6 hostile demons
 22609 | Orc:1    | XOM: summons 2 hostile shadow creatures
 22749 | Orc:2    | Entered Level 2 of the Orcish Mines
 22887 | Orc:2    | XOM: scenery: summon butterflies
 22931 | Orc:2    | XOM: scenery: summon butterflies
 23053 | Orc:2    | XOM: divination: detect creatures
 23144 | Orc:2    | XOM: silly message
 23149 | Orc:2    | Found a staircase to the Elven Halls.
 23256 | Orc:2    | XOM: give mutations
 23256 | Orc:2    | Lost mutation: You occasionally lose the ability to drink
                  | potions when taking damage. [Xom's mischief]
 23256 | Orc:2    | Lost mutation: You have a pair of small horns on your head.
                  | [Xom's mischief]
 23256 | Orc:2    | Lost mutation: Your spells are easier to cast, but less
                  | powerful. [Xom's mischief]
 23256 | Orc:2    | Gained mutation: You have a pair of small horns on your
                  | head. [Xom's mischief]
 23306 | Orc:2    | Found Gaosip's Assorted Antiques.
 23657 | Orc:2    | XOM: destruction
 23742 | Orc:2    | Found Jiziop's General Store.
 23742 | Orc:2    | Found Lodeq's Magic Scroll Shoppe.
 23743 | Orc:2    | Found Zeyfim's Jewellery Emporium.
 23747 | Orc:2    | Found Dut Uffype's Antique Weapon Emporium.
 23751 | Orc:2    | Bought a crude dagger for 224 gold pieces
 23751 | Orc:2    | Identified the +4 dagger of Melee {drain, Fly} (You bought
                  | it in a shop on level 2 of the Orcish Mines)
 23960 | Orc:2    | Noticed an orc warlord
 23975 | Orc:2    | Killed an orc warlord
 24145 | Orc:2    | Bought a potion of experience for 750 gold pieces
 24268 | D:12     | XOM: stat loss: -1 Dex (24/25)
 24373 | D:13     | XOM: draining
 24399 | D:12     | XOM: torment (40/95 hp)
 24533 | D:13     | Noticed Urug
 24558 | D:12     | XOM: give mutations
 24558 | D:12     | Lost mutation: You have a pair of small horns on your head.
                  | [Xom's mischief]
 24558 | D:12     | Lost mutation: You are somewhat resistant to further
                  | mutation. [Xom's mischief]
 24658 | D:13     | Killed Urug
 24661 | D:13     | XOM: 2-stop teleportation journey
 24720 | D:13     | XOM: summons 4 hostile shadow creatures
 24724 | D:13     | XOM: 2-stop teleportation journey
 24745 | D:13     | XOM: 1-stop teleportation journey
 24989 | D:13     | XOM: fake destruction
 25012 | D:13     | XOM: confuse monster(s)
 25019 | D:13     | Reached XP level 16. HP: 109/117 MP: 0/0
 25041 | D:13     | XOM: cloud trail
 25044 | Abyss:3  | Cast into level 3 of the Abyss (a wizard)
 25110 | D:13     | Escaped the Abyss
 25119 | D:13     | Reached skill level 17 in Spellcasting
 25188 | D:13     | Found a gate to the Vaults.
 25611 | D:13     | Found a gate to the Vaults.
 25625 | D:13     | XOM: scenery: 3 doors close
 25691 | D:13     | XOM: give mutation
 25691 | D:13     | Gained mutation: You are partially covered in iridescent
                  | scales. (AC +2) [Xom's mischief]
 25745 | D:11     | Reached skill level 5 in Armour
 25745 | D:11     | Reached skill level 5 in Shields
 25745 | D:11     | Reached XP level 17. HP: 123/123 MP: 0/0
 25745 | D:11     | Learned a level 7 spell: Enfeeble
 25774 | D:12     | XOM: give mutation
 25774 | D:12     | Gained mutation: Armour fits poorly on your strangely
                  | shaped body. [Xom's mischief]
 25969 | D:14     | Noticed Louise
 25969 | D:14     | XOM: cast spell 'Call Canine Familiar'
 26091 | D:14     | Identified the +6 mace "Nulorph" {freeze, rCorr MP+9 Dex+3}
 26252 | D:14     | Noticed Snorg
 26256 | D:14     | Killed Snorg
 26285 | D:14     | Noticed Rupert
 26299 | D:14     | Killed Rupert
 26404 | D:14     | Found Onwumpon's CLEARANCE SALE!.
 27027 | D:14     | Identified the staff of cold "Feqi" {rElec rPois rC+}
 27214 | D:14     | Killed Louise
 27311 | D:15     | Entered Level 15 of the Dungeon
 27516 | D:15     | XOM: god gift: 997 gold pieces
 27825 | D:15     | Reached skill level 18 in Spellcasting
 28280 | D:15     | XOM: god gift: 1044 gold pieces
 28406 | D:15     | Found a staircase to the Depths.
 28406 | D:15     | XOM: cleaving
 28483 | D:15     | XOM is BORED!
 28483 | D:15     | XOM: give mutation
 28483 | D:15     | Lost mutation: Armour fits poorly on your strangely shaped
                  | body. [Xom's mischief]
 28583 | D:12     | XOM: stat loss: -1 Dex (24/25)
 28652 | Orc:2    | XOM: noise
 28657 | Orc:2    | XOM: summons 9 hostile demons
 28708 | Orc:2    | Bought the brooch of Shielding {Spirit SH+8} for 975 gold
                  | pieces
 28708 | Orc:2    | Found the brooch of Shielding {Spirit SH+8}
 28733 | Orc:2    | XOM: summons 9 hostile demons
 28838 | Spider:1 | Entered Level 1 of the Spider Nest
 29272 | Spider:1 | Reached XP level 18. HP: 119/131 MP: 0/0
 29495 | Spider:1 | XOM: give mutations
 29495 | Spider:1 | Gained mutation: Armour fits poorly on your strangely
                  | shaped body. [Xom's mischief]
 29495 | Spider:1 | Lost mutation: You are weak. (Str -2) [Xom's mischief]
 29495 | Spider:1 | Lost mutation: You expend health (3 HP) to strengthen your
                  | wands. [Xom's mischief]
 29976 | Spider:1 | Noticed Mlioglotl
 29984 | Spider:1 | Killed Mlioglotl
 30185 | Spider:2 | XOM: polymorph redback -> glowing shapeshifter
 30501 | Spider:1 | XOM: noise
 30673 | Spider:2 | XOM: 1-stop teleportation journey
 30914 | Spider:2 | XOM: give mutation
 30914 | Spider:2 | Gained mutation: You are mostly covered in iridescent
                  | scales. (AC +4) [Xom's mischief]
 31416 | Spider:3 | Reached XP level 19. HP: 134/138 MP: 0/0
 31416 | Spider:3 | Learned a level 7 spell: Dragon Form
 31475 | Spider:3 | Found a runed translucent door.
 31478 | Spider:3 | Noticed Bnni's ghost (adept FoEE)
 31525 | Spider:3 | XOM: give mutations
 31525 | Spider:3 | Gained mutation: You are clumsy. (Dex -2) [Xom's mischief]
 31525 | Spider:3 | Gained mutation: You are dopey. (Int -2) [Xom's mischief]
 31525 | Spider:3 | Lost mutation: You are dopey. (Int -2) [Xom's mischief]
 31553 | Spider:3 | XOM: give mutations
 31553 | Spider:3 | Lost mutation: Armour fits poorly on your strangely shaped
                  | body. [Xom's mischief]
 31553 | Spider:3 | Gained mutation: You are frail. (-10% HP) [Xom's mischief]
 31553 | Spider:3 | Gained mutation: You are very frail. (-20% HP) [Xom's
                  | mischief]
 31665 | Spider:3 | XOM: noise
 31693 | Spider:3 | XOM: give mutations
 31693 | Spider:3 | Lost mutation: You are mostly covered in iridescent scales.
                  | (AC +4) [Xom's mischief]
 31693 | Spider:3 | Lost mutation: You possess an exceptional clarity of mind.
                  | [Xom's mischief]
 31762 | Spider:3 | Reached skill level 19 in Spellcasting
 32277 | Spider:3 | Killed Bnni's ghost
 32488 | Spider:1 | XOM: draining
 32652 | Lair:2   | XOM: summons 7 hostile demons
 32675 | Lair:1   | XOM: god gift: ring mail {god gift}
 32745 | Swamp:1  | Entered Level 1 of the Swamp
 32745 | Swamp:1  | Noticed Jorgrun
 32746 | Swamp:1  | Noticed Nikola
 32748 | Swamp:1  | Killed Jorgrun
 32802 | Lair:2   | Killed Nikola
 33210 | Swamp:1  | XOM: give mutation
 33210 | Swamp:1  | Gained mutation: Your movements are slightly less
                  | encumbered by armour. (ER -2) [Xom's mischief]
 33265 | Swamp:1  | XOM: fog
 33337 | Swamp:1  | XOM: silly message
 33365 | Swamp:1  | XOM: divination: magic mapping
 33394 | Swamp:1  | XOM: give mutations
 33394 | Swamp:1  | Gained mutation: You are strong-willed. (Will+) [Xom's
                  | mischief]
 33394 | Swamp:1  | Lost mutation: Your spells are a little easier to cast, but
                  | a little less powerful. [Xom's mischief]
 33394 | Swamp:1  | Lost mutation: You are partially covered in iridescent
                  | scales. (AC +2) [Xom's mischief]
 33410 | Swamp:1  | Identified the +7 sling of Honesty {heavy, rPois Stlth+}
 33812 | Swamp:2  | XOM is BORED!
 33812 | Swamp:2  | XOM: noise
 34283 | Swamp:3  | Reached XP level 20. HP: 105/116 MP: 0/0
 34836 | Swamp:3  | XOM is BORED!
 34836 | Swamp:3  | XOM: give mutations
 34836 | Swamp:3  | Gained mutation: You have a pair of small horns on your
                  | head. [Xom's mischief]
 34836 | Swamp:3  | Gained mutation: You are extremely frail. (-30% HP) [Xom's
                  | mischief]
 34836 | Swamp:3  | Lost mutation: Your movements are slightly less encumbered
                  | by armour. (ER -2) [Xom's mischief]
 34836 | Swamp:3  | Lost mutation: You are extremely frail. (-30% HP) [Xom's
                  | mischief]
 34937 | Swamp:3  | Found a runed translucent door.
 34953 | Swamp:3  | Noticed sinusoid's ghost (journeyman MiBe)
 35099 | Swamp:3  | XOM: summons 11 hostile demons
 35278 | Swamp:3  | Killed sinusoid's ghost
 35568 | Swamp:4  | Entered Level 4 of the Swamp
 36225 | Swamp:4  | Reached skill level 20 in Spellcasting
 36365 | Swamp:4  | XOM: noise
 36519 | Swamp:4  | XOM: summons 7 hostile demons
 36522 | Swamp:4  | XOM: torment (60/117 hp)
 36665 | Swamp:4  | Noticed the 27-headed Lernaean hydra
 36665 | Swamp:4  | XOM: enchant monster (bad)
 36683 | Swamp:4  | XOM: divination: magic mapping
 36776 | Swamp:4  | Killed the 27-headed Lernaean hydra
 37172 | Swamp:4  | XOM: noise
 37231 | Swamp:4  | Got a decaying rune of Zot
 37421 | Elf:1    | Entered Level 1 of the Elven Halls
 37488 | Elf:1    | Paralysed by an air elemental for 1 turns
 37491 | Elf:1    | Paralysed by an air elemental for 1 turns
 37683 | Spider:1 | XOM: torment (60/118 hp)
 37970 | Spider:4 | Entered Level 4 of the Spider Nest
 38103 | Spider:3 | XOM: noise
 38240 | Spider:4 | XOM: stat loss: -1 Dex (16/17)
 38257 | Spider:4 | XOM: polymorph sun moth -> sun moth
 38262 | Spider:3 | HP: 5/118 [disintegration (43)]
 38435 | Spider:4 | XOM: cloud trail
 38514 | Spider:4 | XOM: give mutations
 38514 | Spider:4 | Gained mutation: You have supernaturally acute eyesight.
                  | (SInv) [Xom's grace]
 38514 | Spider:4 | Gained mutation: You are somewhat resistant to further
                  | mutation. [Xom's grace]
 38514 | Spider:4 | Gained mutation: You have a pair of horns on your head.
                  | [Xom's grace]
 38514 | Spider:4 | Gained mutation: You are resistant to electric shocks.
                  | (rElec) [Xom's grace]
 38658 | Spider:4 | Identified the +3 trident of Fear {vamp, Will+ Str+3}
 38778 | Spider:4 | Identified the +7 trident of Devouring Slow Death
                  | {antimagic, Fragile Will++}
 38929 | Spider:4 | XOM: god gift: lightning rod (4/4)
 38966 | Spider:4 | XOM: polymorph culicivora -> shapeshifter
 38972 | Spider:4 | Reached XP level 21. HP: 83/122 MP: 0/0
 38972 | Spider:4 | Learned a level 7 spell: Storm Form
 38979 | Spider:4 | XOM: summons friendly crimson imp
 39244 | Spider:4 | XOM: god gift: scroll of summoning
 39337 | Spider:4 | Got a gossamer rune of Zot
 39891 | Vaults:1 | Entered Level 1 of the Vaults
 39912 | Vaults:1 | Demolished by an ironbound preserver

Illustrated notes

Levels and vault maps discovered:
D:1:      dpeg_arrival_arbitrary_a, layout_rooms, minmay_cut_off
D:2:      layout_loops_ring
D:3:      layout_loops_cross, mainiacjoe_overflow_catwalk
D:4:      layout_basic, minmay_temple_entry_proselytizer, minmay_quadrilaterals,
          uniq_pikel
D:5:      layout_layer_cave, jmf_multi_god_temple, serial_bayou,
          serial_bayou_pond_a, serial_bayou_lagoon_b, serial_bayou_pond_c,
          serial_bayou_ford_a, serial_bayou_pond_a
D:6:      layout_basic, lemuel_crystal_altar, uniq_grinder
D:7:      layout_loops_ring, bloody_makhleb, amcnicky_mini_pool_small,
          grunt_ministairs_12, minmay_manual_mullet, uniq_prince_ribbit1,
          uniq_duvessa, uniq_maggie
D:8:      layout_basic, serial_corexii_hall, corexii_hall_statues_l,
          corexii_hall_statues_l, gammafunk_ghost_stat_death, minmay_hedge_maze
D:9:      layout_loops_ring, nicolae_overflow_crystal_walls, uniq_erolcha,
          uniq_maurice
D:10:     layout_loops_cross, mainiacjoe_overflow_small_starburst, special_room
          [special_room_orc], uniq_josephine
D:11:     layout_cave_pools, grunt_lair_entry_orc_guard_hut,
          minmay_orc_entry_temple_small, lemuel_nasty_fountain
D:12:     layout_rooms, chequers_serial_rivers_small_3, uniq_nessos, uniq_azrael
D:13:     layout_rooms, grunt_vaults_entry_tiered, uniq_urug
D:14:     minmay_tearing_corner, layout_gridville, nicolae_shop_clearance,
          uniq_rupert, uniq_snorg, uniq_louise
D:15:     grunt_enter_depths_snipers, layout_loops_ring,
          chequers_serial_rivers_micro_b, minmay_the_grid_2x2
          [minmay_the_grid_eight, minmay_the_grid_zigzag_pyramid,
          minmay_the_grid_all_tris, minmay_the_grid_prize_inner_circle]
Lair:1:   minmay_lair_venomous_thicket, layout_regular_city, grunt_megastairs_4
Lair:2:   layout_chaotic_city, nicolae_swamp_entry_splash_gauntlet,
          spider_nest_entry_funnel_web, nicolae_lair_grazing_beasts
          [nicolae_sub_lair_graze_edge, nicolae_sub_lair_graze_edge,
          nicolae_sub_lair_graze_edge, nicolae_sub_lair_graze_edge],
          serial_bayou_shore_b, uniq_sonja
Lair:3:   layout_cave_shapes, serial_bayou_shore_b, lemuel_fruit_tree,
          grunt_megastairs_5
Lair:4:   dreamdust_cave_troll, layout_gridlike
Lair:5:   minmay_lair_end_enchanted_forest, layout_cave_shapes,
          dpeg_slime_entry_enclosed, gauntlet_entry_generic
Swamp:1:  layout_basic_swamp, evilmike_swamp_ruin_house_1, uniq_nikola,
          uniq_jorgrun
Swamp:2:  layout_basic_swamp, serial_swamp_ruin, evilmike_swamp_ruin_wall,
          evilmike_swamp_ruin_house_3, evilmike_swamp_ruin_house_5,
          infiniplex_staircase_pool_2
Swamp:3:  layout_basic_swamp, ebering_ghost_inner_flame,
          evilmike_swamp_ruin_house_2, swamp_pool5, hangedman_swamp_diagram,
          hangedman_swamp_dais, infiniplex_staircase_pool
Swamp:4:  swamp_old_school, layout_basic_swamp, swamp_pool3
Spider:1: layout_spider_delve, uniq_mlioglotl
Spider:2: layout_spider_delve, nicolae_spider_nook
Spider:3: layout_spider_delve, ebering_ghost_reflecting_pool
Spider:4: grunt_spider_rune_circles
Orc:1:    layout_caves, guppyfry_library_mini
Orc:2:    st_orc_mages, layout_caves, serial_shops, nicolae_shop_waterfront,
          basic_altar, minmay_orc_temple_a
Elf:1:    nicolae_elf_arrival_aired_out, layout_loops_cross, serial_shops,
          nicolae_shop_behind_doors, minmay_elf_necromancy, solitary_fountain
Vaults:1: mu_enter_wizlab_3, nicolae_vaults_sealed_display, vaults_dpeg_ring,
          ontoclasm_vaults_spin, ontoclasm_vaults_hangar, v_misc_26,
          vaults_room_grid, hangedman_vaults_nodes,
          nicolae_vaults_halls_meeting, vaults_room_grunt_arrival_ludios,
          v_misc_18, vaults_room_pools, layout_vaults_omnicross

Skill      XL: |  1  2  3  4  5  6  7  8  9 10 11 12 13 14 15 16 17 18 19 20 |
---------------+-------------------------------------------------------------+-----
Fighting       | 1 2 3 4 5 6 7 8 9 10 11 12 13 14 | 14.7
Spellcasting   | 3 4 6 7 9 10 11 12 14 15 16 17 18 19 20 | 20.8
Shields        | 2 4 5 7 8 9 |  9.9
Dodging        | 3 5 7 8 9 10 11 12 | 12.0
Armour         | 1 4 5 7 8 |  8.0
Stealth        | |  1.5

Action                     |  1- 3 |  4- 6 |  7- 9 | 10-12 | 13-15 | 16-18 | 19-21 || total
---------------------------+-------+-------+-------+-------+-------+-------+-------++-------
  Melee: Spear             |       |       |       |    76 |       |       |       ||    76
         Headbutt          |       |       |       |    28 |     5 |       |       ||    33
         Staff             |       |       |       |     7 |    18 |     3 |     1 ||    29
         Demon trident     |       |       |       |       |    10 |       |       ||    10
   Cast: Magic Dart        |    76 |   137 |   189 |   288 |   161 |    35 |    38 ||   924
         Sting             |     3 |     5 |    64 |    81 |       |       |       ||   153
         Mephitic Cloud    |       |     6 |    22 |    39 |    18 |     8 |     2 ||    95
         Call Imp          |       |    16 |     6 |    28 |     1 |       |       ||    51
         Static Discharge  |       |       |     4 |       |     3 |       |       ||     7
         Slow              |       |       |     3 |       |       |       |       ||     3
         Freezing Cloud    |       |       |       |    91 |   242 |    46 |    23 ||   402
         Animate Armour    |       |       |       |    30 |    31 |     3 |     4 ||    68
         Blink             |       |       |       |     1 |    10 |     3 |     1 ||    15
         Plasma Beam       |       |       |       |       |   286 |   249 |   347 ||   882
         Enfeeble          |       |       |       |       |       |    31 |     3 ||    34
  Evoke: Wand              |       |       |       |       |       |     1 |       ||     1
    Use: Scroll            |       |       |       |    20 |     9 |     3 |     3 ||    35
         Potion            |       |       |       |       |       |     3 |     5 ||     8
   Stab: Confused          |       |       |       |     3 |       |       |       ||     3
 Armour: Robe              |     5 |    17 |    10 |       |       |       |       ||    32
         Steam dragon scal |       |       |       |    31 |       |       |       ||    31
         Troll leather arm |       |       |       |     7 |    43 |    22 |    43 ||   115
  Dodge: Dodged            |     4 |    25 |    38 |    89 |   144 |    78 |    81 ||   459
  Block: Buckler           |       |       |     5 |    42 |    74 |    89 |    38 ||   248
         Kite shield       |       |       |       |       |       |       |   130 ||   130

Table legend: (Time is in decaauts)
 A = Elapsed time spent in this place.
 B = Non-inter-level travel time spent in this place.
 C = Inter-level travel time spent in this place.
 D = Time resting spent in this place.
 E = Time spent auto-exploring this place.
 F = Levels seen in this place.
 G = Mean time per level.
                   A        B        C        D        E       F      G
               +--------+--------+--------+--------+--------+-----+--------+
         Total |  40042 |  33882 |   6160 |   6084 |  16390 |  34 | 1177.7 |
       Dungeon |  20651 |  17799 |   2852 |   2899 |   9319 |  15 | 1376.7 |
          Lair |   6227 |   5327 |    900 |    510 |   3099 |   5 | 1245.4 |
         Swamp |   4056 |   3715 |    341 |   1077 |   1612 |   4 | 1014.0 |
   Spider Nest |   5932 |   4208 |   1724 |    982 |   1430 |   4 | 1483.0 |
  Orcish Mines |   2512 |   2171 |    341 |    499 |    899 |   2 | 1256.0 |
   Elven Halls |     13 |     13 |      0 |      0 |      0 |   1 |   13.0 |
        Vaults |     20 |     20 |      0 |      0 |      0 |   1 |   20.0 |
         Abyss |     65 |     65 |      0 |      0 |      0 |   1 |   65.0 |
      Gauntlet |    563 |    563 |      0 |    117 |     31 |   1 |  563.0 |
               +--------+--------+--------+--------+--------+-----+--------+

Top non-repeatable levels by time:
     D:7: 2548 daAuts
Spider:1: 2296 daAuts
     D:5: 2069 daAuts
Spider:3: 2057 daAuts
  Lair:2: 1763 daAuts
     D:4: 1681 daAuts
   Orc:2: 1586 daAuts
     D:9: 1548 daAuts
     D:8: 1514 daAuts
    D:14: 1507 daAuts
 Swamp:4: 1470 daAuts
    D:13: 1341 daAuts
  Lair:5: 1327 daAuts
    D:11: 1307 daAuts
 Swamp:3: 1230 daAuts
